 Dungeon Crawl Stone Soup version 0.30-a0-920-g7493c07aab (webtiles) character file.

Game seed: 4646417882065445316

8305 bearlyready the Cleaver (level 11, 0/100 HPs)
             Began as an Armataur Berserker on Mar 21, 2023.
             Was an Elder of Trog.
             Slain by a troll (8 damage)
             ... on level 10 of the Dungeon.
             The game lasted 00:14:03 (9505 turns).

bearlyready the Cleaver (Armataur Berserker)        Turns: 9505, Time: 00:14:03

Health: 0/100      AC: 12    Str: 27    XL:     11   Next: 8%
Magic:  11/11      EV:  9    Int:  8    God:    Trog [****..]
Gold:   548        SH:  0    Dex:  9    Spells: 10/10 levels left

rFire   . . .      SeeInvis .    m - +2 hand axe (venom)
rCold   + . .      Faith    .    (no shield)
rNeg    . . .      Spirit   .    D - +3 leather armour {rC+}
rPois   .          Reflect  .    (no helmet)
rElec   .          Roll     +    y - +0 cloak
rCorr   .                        K - +2 pair of gloves
Will    .....                    (no barding)
Stlth   +                        (no amulet)
HPRegen 0.36/turn                H - ring of flight
MPRegen 0.12/turn                (no ring)

@: attractive, flying
A: large, rugged brown scales 3, deformed body, armoured tail, roll, long
tongue, awkward tongue
a: Renounce Religion, Berserk, Trog's Hand, Brothers in Arms


You were on level 10 of the Dungeon.
You worshipped Trog.
Trog was greatly pleased with you.
You visited 2 branches of the dungeon, and saw 11 of its levels.

You collected 548 gold pieces.

Inventory:

Hand Weapons
 a - a +0 hand axe
 e - a +0 war axe
 m - a +2 hand axe of venom (weapon)
Missiles
 w - 9 poisoned darts (quivered)
 F - 9 boomerangs
 L - a throwing net
 M - a curare-tipped dart
Armour
 b - a +0 animal skin
 c - a +0 ring mail
 f - a +0 kite shield
 o - a +2 kite shield
 y - a +0 cloak (worn)
 D - a +3 leather armour of cold resistance (worn)
 K - a +2 pair of gloves (worn)
 N - a +0 buckler
Jewellery
 H - a ring of flight (left hand)
Wands
 v - a wand of charming (17)
 C - a wand of polymorph (7)
 O - a wand of roots (9)
Scrolls
 g - 4 scrolls of noise
 j - 5 scrolls of enchant armour
 k - 5 scrolls of identify
 l - a scroll of torment {unknown}
 p - 2 scrolls of brand weapon {unknown}
 q - 2 scrolls of magic mapping {unknown}
 t - 3 scrolls of fear {unknown}
 u - 4 scrolls of fog {unknown}
 z - a scroll of teleportation {unknown}
 G - 2 scrolls of enchant weapon {unknown}
 I - 2 scrolls of poison {unknown}
 J - 2 scrolls of vulnerability {unknown}
Potions
 d - 3 potions of magic
 h - 2 potions of lignification {unknown}
 i - 5 potions of curing
 n - a potion of resistance {unknown}
 r - a potion of invisibility {unknown}
 s - a potion of degeneration {unknown}
 x - a potion of attraction
 A - a potion of heal wounds {unknown}
 B - a potion of ambrosia {unknown}
 E - a potion of berserk rage {unknown}


   Skills:
 + Level 7.8 Fighting
 + Level 11.3 Axes
 + Level 4.6 Throwing
 + Level 3.4 Armour
 - Level 1.3 Dodging
 + Level 5.4 Evocations


You had 10 spell levels left.
You didn't know any spells.
Your spell library was empty.

Dungeon Overview and Level Annotations

Branches:
Dungeon (10/15)            Temple (0/1) D:5             Orc (1/2) D:10
   Lair: D:8-11

Altars:
Ashenzari
Cheibriados
Elyvilon
Fedhas
Gozag
Hepliaklqana
Nemelex Xobeh
Okawaru
Ru
Sif Muna
Trog
Uskayaw
Vehumet
Xom
The Shining One

Shops:
D:4 =   D:10 [

Annotations:
D:3 1 transporter
D:4 2 transporters, NotreDorf's ghost, amateur MfBe
Orc:1 Urug


Innate Abilities, Weirdness & Mutations

You are completely covered in rugged brown scales. (AC +3, +7% HP)
Armour fits poorly on your strangely shaped body.
You have a long armoured tail.
You roll when moving toward enemies. (Rampage)
Your long tongue fully drains potion bottles. (2x potion effects)
Your tongue gives you trouble enunciating. (1.5x scroll delay)


Message History

The orc priest completely misses you. The troll closely misses you.
The troll claws you.
* * * LOW HITPOINT WARNING * * *
The troll barely misses you.
You hit the orc priest.
You kill the orc priest!
Trog accepts your kill.
You barely miss the troll. The troll bites you but does no damage.
The troll closely misses you. x2
Okay, then.
You barely miss the troll. You tail-slap the troll!
The troll is moderately wounded.
The troll closely misses you. The troll claws you!
* * * LOW HITPOINT WARNING * * *
The troll barely misses you.
Okay, then.
You feel better.
You slurp down every last drop of the potion of curing!
The troll bites you.
* * * LOW HITPOINT WARNING * * *
The troll claws you.
* * * LOW HITPOINT WARNING * * *
The troll claws you.
* * * LOW HITPOINT WARNING * * *
Aiming: Fastroot
Press: ? - help, Shift-Dir - straight line The roots erupt in riotous growth!
Roots grab the troll.
The grasping roots constrict the troll.
The troll bites you but does no damage. The troll barely misses you.
The troll claws you!
* * * LOW HITPOINT WARNING * * *
The grasping roots constrict the troll!
The roots release their grip on the troll.
Aiming: Fastroot
Press: ? - help, Shift-Dir - straight line The roots erupt in riotous growth!
Roots grab the troll.
The grasping roots constrict the troll.
The troll bites you but does no damage. The troll claws you but does no damage.
The troll claws you!
You die...

..##########)........#.#....÷.#..
...........##.......##.####...#..
............###....##.....#...+..
###########..########.....'...#..
'.........#.........#.....###'#..
#.........#.........#............
#.........#.............#######..
#########'#.............# #..
...............†@.......# #..
....###.......∩.T)......# #..
....#.#...............#.# #..
.####.###......[......#.# #..
.#......#.............#.# #..
.#.....>#########'##+...# #.#
##............)))[......# #.#
............#######.....#######.#
............#.....#.....<.......#


You could see a troll (rooted).

Vanquished Creatures
  2 two-headed ogres
  An orb spider (D:9)
  Maurice (D:8)
  A troll (D:10)
  A shadow (D:10)
  6 yaks (D:10)
  A wyvern (D:8)
  Eustachio (D:4)
  2 steam dragons
  7 vampire mosquitoes (D:10)
  Menkaure (D:7)
  2 water moccasins
  4 orc warriors
  A sky beast (D:6)
  A black bear (D:6)
  2 ogres
  2 centaurs (D:9)
  A kobold brigand (D:9)
  3 phantoms
  2 bullfrogs
  2 scorpions
  2 gnoll sergeants
  5 wights (D:8)
  9 killer bees (D:10)
  5 howler monkeys
  A quasit (D:5)
  4 hounds
  A gnoll bouda (D:5)
  4 orc priests
  An iguana (D:6)
  An iron imp (D:8)
  6 orc wizards
  Natasha (thrice) (D:4)
  3 sleepcaps
  16 gnolls
  8 adders
  5 shadow imps
  A worm (D:10)
  A dart slug (D:4)
  26 orcs
  4 ball pythons
  6 endoplasms
  4 giant cockroaches
  8 goblins
  4 hobgoblins
  4 quokkas
  4 bats
  2 frilled lizards (D:2)
  14 kobolds
  8 rats
  A bush (D:6)
205 creatures vanquished.

Vanquished Creatures (others)
  4 bushes (D:6)
4 creatures vanquished.

Grand Total: 209 creatures vanquished

Notes
Turn   | Place    | Note
-------+----------+-------------------------------------------
     0 | D:1      | bearlyready the Armataur Berserker began the quest for the
                  | Orb.
     0 | D:1      | Reached XP level 1. HP: 19/19 MP: 1/1
   164 | D:1      | Reached skill level 3 in Axes
   164 | D:1      | Reached XP level 2. HP: 25/26 MP: 2/2
   382 | D:1      | Reached XP level 3. HP: 31/32 MP: 3/3
   675 | D:2      | Reached ** piety under Trog
   769 | D:2      | You fall into a shaft and drop 2 floors!
   789 | D:4      | Reached skill level 4 in Axes
   857 | D:4      | Reached XP level 4. HP: 39/39 MP: 4/4
   913 | D:4      | Found a transporter.
   940 | D:4      | Found a transporter.
   944 | D:4      | Noticed NotreDorf's ghost (amateur MfBe)
  1093 | D:2      | Found a faded altar of an unknown god.
  1271 | D:2      | Reached XP level 5. HP: 38/44 MP: 5/5
  2052 | D:3      | Found a sparkling altar of Nemelex Xobeh.
  2052 | D:3      | Found a transporter.
  2105 | D:4      | Noticed Natasha
  2120 | D:4      | Killed Natasha
  2121 | D:4      | Reached skill level 5 in Axes
  2209 | D:4      | Noticed Natasha
  2216 | D:4      | Killed Natasha
  2258 | D:4      | Noticed Natasha
  2260 | D:4      | Noticed Eustachio
  2263 | D:4      | Killed Natasha
  2276 | D:4      | Killed Eustachio
  2277 | D:4      | Reached skill level 6 in Axes
  2277 | D:4      | Reached XP level 6. HP: 33/53 MP: 6/6
  2536 | D:4      | Found Luor Nir's Jewellery Shop.
  2634 | D:5      | Entered Level 5 of the Dungeon
  2822 | D:5      | Reached XP level 7. HP: 50/59 MP: 7/7
  2951 | D:5      | Found a hide-covered altar of Uskayaw.
  3094 | D:5      | Reached skill level 7 in Axes
  3570 | D:5      | Found a staircase to the Ecumenical Temple.
  3681 | D:5      | Noticed Grinder
  3683 | D:5      | Paralysed by Grinder for 4 turns
  3687 | D:5      | Grinder changed into Grinder the quasit
  3687 | D:5      | Noticed Grinder
  3694 | D:5      | Killed Grinder the quasit
  3838 | D:5      | Reached skill level 8 in Axes
  4000 | D:6      | Reached skill level 1 in Evocations
  4000 | D:6      | Reached XP level 8. HP: 51/66 MP: 8/8
  4121 | D:6      | Found an opulent altar of Gozag.
  4150 | D:6      | Found a sacrificial altar of Ru.
  4283 | D:6      | Found an iron altar of Okawaru.
  4359 | D:6      | Reached *** piety under Trog
  5220 | D:7      | Noticed Menkaure
  5226 | D:7      | Killed Menkaure
  5227 | D:7      | Reached skill level 9 in Axes
  5267 | D:7      | Reached skill level 5 in Evocations
  5491 | D:7      | Reached XP level 9. HP: 65/72 MP: 9/9
  5753 | D:7      | Found a white marble altar of Elyvilon.
  5866 | D:7      | Found a hazy altar of Hepliaklqana.
  5866 | D:7      | Found a glowing golden altar of the Shining One.
  5917 | D:8      | Found a snail-covered altar of Cheibriados.
  5945 | D:8      | Found a radiant altar of Vehumet.
  5956 | D:8      | Noticed Maurice
  6005 | D:8      | Killed Maurice
  6700 | D:8      | Reached skill level 5 in Fighting
  6700 | D:8      | Reached skill level 10 in Axes
  6888 | D:8      | Noticed a two-headed ogre
  6895 | D:8      | Killed a two-headed ogre
  7254 | D:9      | Noticed a two-headed ogre
  7259 | D:9      | a two-headed ogre changed into an orb spider
  7259 | D:9      | Noticed an orb spider
  7275 | D:9      | Killed an orb spider
  7276 | D:9      | Reached skill level 1 in Throwing
  7276 | D:9      | Reached XP level 10. HP: 59/88 MP: 10/10
  7430 | D:9      | Reached **** piety under Trog
  7581 | D:9      | Found a broken altar of Ashenzari.
  8195 | D:9      | Found a shimmering blue altar of Sif Muna.
  8218 | D:9      | Found a blossoming altar of Fedhas.
  8224 | D:10     | Entered Level 10 of the Dungeon
  8397 | D:10     | Found a staircase to the Orcish Mines.
  8397 | D:10     | Found Gaal's Armour Shop.
  8517 | D:10     | Reached skill level 11 in Axes
  8814 | D:10     | Found a shimmering altar of Xom.
  9130 | D:10     | Noticed a two-headed ogre
  9162 | D:10     | Killed a two-headed ogre
  9163 | D:10     | Reached XP level 11. HP: 94/99 MP: 11/11
  9204 | D:10     | Found a bloodstained altar of Trog.
  9479 | Orc:1    | Entered Level 1 of the Orcish Mines
  9490 | Orc:1    | Noticed Urug
  9505 | D:10     | Slain by a troll

Illustrated notes

Levels and vault maps discovered:
D:1:      minmay_arrival_checkered_box, layout_basic
D:2:      layout_rooms, shapermc_ecumenical_altar_mp_urbaneastern
D:3:      layout_basic, grunt_nemelex_the_gamble
D:4:      layout_rooms, serial_shops, nicolae_shop_hallway_plus,
          gammafunk_ghost_stat_death, uniq_eustachio, uniq_natasha
D:5:      layout_loops_corners, eat_drink_and_be_merry_uskayaw, temple_green,
          uniq_grinder
D:6:      layout_cave_pods, nicolae_overflow_hidden_temple,
          mainiacjoe_overflow_alcove_1, hangedman_ru_absence, minmay_hedge_maze,
          uniq_blork_the_orc
D:7:      layout_rooms, amethyst_overflow_temple_binary, kennysheep_mini,
          uniq_menkaure
D:8:      layout_gridville, slow_altar_1, mainiacjoe_overflow_paths,
          uniq_maurice
D:9:      layout_irregular_city, ashenzari_conservatory_becter,
          nicolae_sif_muna_little_library, general_overflow_altar
D:10:     layout_irregular_city, tgw_trog, xom_teletrap_fun, orc_david_3
Orc:1:    layout_caves, uniq_urug

Skill      XL: |  1  2  3  4  5  6  7  8  9 10 |
---------------+-------------------------------+-----
Axes           | 3 4 6 8 9 10 11 | 11.3
Evocations     | 1 5 |  5.4
Fighting       | 6 7 |  7.8
Throwing       | 1 4 |  4.6
Armour         | 3 |  3.4
Dodging        | |  1.3

Action                     |  1- 3 |  4- 6 |  7- 9 | 10-12 || total
---------------------------+-------+-------+-------+-------++-------
  Melee: Hand axe          |   101 |    81 |   247 |   191 ||   620
         Punch             |     2 |       |     2 |     2 ||     6
         Tailslap          |     6 |     8 |    37 |    25 ||    76
         Unarmed           |       |    15 |     8 |       ||    23
  Throw: Dart              |       |       |     7 |     6 ||    13
 Invoke: Berserk           |       |       |     4 |     4 ||     8
         Trog's Hand       |       |       |     1 |       ||     1
  Evoke: Wand              |       |       |     3 |     2 ||     5
    Use: Scroll            |       |       |     3 |     1 ||     4
         Potion            |       |       |       |     6 ||     6
 Armour: Ring mail         |    46 |    16 |       |       ||    62
         Leather armour    |       |    14 |    86 |   130 ||   230
         Skin              |       |       |     3 |       ||     3
  Dodge: Dodged            |    41 |    49 |   104 |   100 ||   294

Table legend: (Time is in decaauts)
 A = Elapsed time spent in this place.
 B = Non-inter-level travel time spent in this place.
 C = Inter-level travel time spent in this place.
 D = Time resting spent in this place.
 E = Time spent auto-exploring this place.
 F = Levels seen in this place.
 G = Mean time per level.
                   A        B        C        D        E       F      G
               +--------+--------+--------+--------+--------+-----+--------+
         Total |   9521 |   9165 |    356 |    267 |   7531 |  11 |  865.5 |
       Dungeon |   9511 |   9155 |    356 |    267 |   7531 |  10 |  951.1 |
  Orcish Mines |     10 |     10 |      0 |      0 |      0 |   1 |   10.0 |
               +--------+--------+--------+--------+--------+-----+--------+

Top non-repeatable levels by time:
     D:6: 1374 daAuts
     D:5: 1347 daAuts
     D:8: 1265 daAuts
    D:10: 1262 daAuts
     D:9: 1066 daAuts
     D:3: 866 daAuts
     D:1: 673 daAuts
     D:4: 672 daAuts
     D:7: 546 daAuts
     D:2: 435 daAuts
   Orc:1: 10 daAuts
